 Dungeon Crawl Stone Soup version 0.29.0-13-gc9e81de378 (webtiles) character file.

Game seed: 9876476808174102791

81 sanka the Cudgeller (level 4, -1/28 HPs)
             Began as a Gargoyle Monk on Sept 9, 2022.
             Slain by Terence
             ... wielding a +0 flail
              (5 damage)
             ... on level 2 of the Dungeon.
             The game lasted 00:01:48 (2405 turns).

sanka the Cudgeller (Gargoyle Monk)                 Turns: 2405, Time: 00:01:48

Health: -1/28      AC:  6    Str: 16    XL:     4   Next: 42%
Magic:  4/4        EV: 12    Int: 11    God:
Gold:   146        SH:  0    Dex: 12    Spells: 3/3 levels left

rFire   . . .      SeeInvis .   a - +0 mace
rCold   . . .      Faith    .   (no shield)
rNeg    + . .      Spirit   .   b - +0 robe
rPois   ∞          Reflect  .   i - +0 helmet
rElec   +          Harm     .   (no cloak)
rCorr   .          Rampage  .   (no gloves)
Will    .....                   (no boots)
Stlth   ++........              (no amulet)
HPRegen 0.09/turn               (no ring)
MPRegen 0.09/turn               (no ring)

@: no status effects
A: sickness immunity, AC +3, negative energy resistance 1, electricity
resistance, torment resistance 1, petrification resistance
a: no special abilities


You were on level 2 of the Dungeon.
You visited 1 branch of the dungeon, and saw 2 of its levels.

You collected 146 gold pieces.


Innate Abilities, Weirdness & Mutations

You are immune to sickness and miasma.
Your stone body is resilient. (AC +3)
You are immune to poison.
You resist negative energy. (rN+)
You are resistant to electric shocks. (rElec)
You are resistant to unholy torment.
You are immune to petrification.


   Skills:
 - Level 3.2 Fighting
 + Level 5.1 Maces & Flails
 - Level 2.4 Dodging
 - Level 2.1 Stealth


You had 3 spell levels left.
You didn't know any spells.
Your spell library contained the following spells:

 Spells                   Type           Power      Damage    Failure   Level
 Magic Dart               Conj           0%         1d3       34%         1
 Searing Ray              Conj           0%         2d4       47%         2
 Fulminant Prism          Conj/Hex       0%         3d6       98%         4

Inventory:

Hand Weapons
 a - a +0 mace (weapon)
Armour
 b - a +0 robe (worn)
 i - a +0 helmet (worn)
Scrolls
 e - a scroll of poison {unknown}
 g - 2 scrolls of amnesia {unknown}
Potions
 c - a potion of ambrosia
 d - a potion of mutation {unknown}
 f - a potion of heal wounds {unknown}
 h - 2 potions of attraction {unknown}
 j - a potion of degeneration {unknown}
 k - a potion of haste {unknown}
 l - a potion of brilliance {unknown}
 m - a potion of curing {unknown}

Dungeon Overview and Level Annotations

Branches:
Dungeon (2/15)

Altars:

Annotations:
D:2 Terence

▒▒▒... ▒▒▒▒ ▒.....
..▒ ▒.▒...
▒▒▒▒.▒▒▒▒▒▒▒▒.▒.).
▒...............▒.
▒.▒▒..........=.▒.
▒.▒▒..........÷.▒.
▒.▒▒▒.▒▒▒▒▒▒▒▒.▒▒▒
▒9▒ ▒.▒ ▒)▒ ▒@▒
▒.▒ ▒.▒ ▒.▒ ▒.▒
▒.▒ ▒.▒ ▒.▒ ▒.▒
..▒ ▒.▒ ▒.▒ ▒▒▒
▒.▒ ▒.▒ ▒.▒ ▒.▒
▒.▒ ▒.▒ ▒.▒ ▒.▒▒▒


You could see Terence.


Message History

Terence is moderately wounded.
Terence barely misses you.
You hit Terence but do no damage.
Terence is moderately wounded.
Terence hits you with a +0 flail.
You hit Terence but do no damage.
Terence is moderately wounded.
Terence closely misses you.
You barely miss Terence.
Terence is moderately wounded.
Terence hits you but does no damage.
You hit Terence.
Terence is moderately wounded.
Terence hits you but does no damage. Terence hits you with a +0 flail!
You hit Terence but do no damage.
Terence is moderately wounded.
Terence closely misses you.
You sock Terence!
Terence is almost dead.
Terence hits you with a +0 flail.
* * * LOW HITPOINT WARNING * * *
You hit Terence.
Terence is almost dead.
Terence hits you with a +0 flail!
* * * LOW HITPOINT WARNING * * *
You closely miss Terence.
Terence is almost dead.
Terence hits you with a +0 flail.
You die...

Action                   |  1- 3 |  4- 6 || total
-------------------------+-------+-------++-------
Melee: Mace              |   127 |    35 ||   162
       Punch             |     1 |       ||     1
 Stab: Sleeping          |     3 |     1 ||     4
Armor: Robe              |    41 |    11 ||    52
Dodge: Dodged            |   102 |    20 ||   122

Levels and vault maps discovered:
D:1:      dpeg_arrival_pits, layout_basic, serial_forest,
          infiniplex_forest_end_3, infiniplex_forest_lined_2,
          infiniplex_forest_clump_tiny, infiniplex_forest_lined_3_way,
          infiniplex_forest_straight_5
D:2:      layout_loops_ring, hellmonk_ecumenical_altar_run_dry, uniq_terence

Notes
Turn   | Place    | Note
-------+----------+-------------------------------------------
     0 | D:1      | sanka the Gargoyle Monk began the quest for the Orb.
     0 | D:1      | Reached XP level 1. HP: 14/14 MP: 1/1
   281 | D:1      | Reached XP level 2. HP: 18/19 MP: 2/2
   753 | D:1      | Reached skill level 4 in Maces & Flails
  1079 | D:1      | Reached XP level 3. HP: 20/23 MP: 3/3
  1849 | D:2      | Reached XP level 4. HP: 16/28 MP: 4/4
  2180 | D:2      | Reached skill level 5 in Maces & Flails
  2390 | D:2      | Noticed Terence
  2405 | D:2      | Slain by Terence

Vanquished Creatures
  4 adders (D:2)
  2 dart slugs
  2 ball pythons (D:1)
  4 bats
  3 endoplasms
  5 goblins
  8 hobgoblins
  6 kobolds
  2 quokkas
  4 rats
40 creatures vanquished.
